Zazza, neutral female human Tourist ------------ |....@.f...| |....m.....| |.!..).....| |....)).)..| |..$@.)....| ----+------- # ### ## # ####### # ### -.-|----------- # |(............| ##..............| |........<....| |.............| --------------- Zazza the Rambler Experience level: 1 Strength: 11 Dexterity: 9 Constitution: 17 Intelligence: 13 Wisdom: 8 Charisma: 18 Health: 0(16) Energy: 2(2) Def: 3 Gold: 0 Moves: 2530 Dungeon seed: sJ-A2Y0JL-ionf8h Game ID: Zazza_1599670699 Your Inventory: Weapons a - 25 +2 darts (in quiver) n - 2 +0 orcish daggers (wielded) P - a +0 sling R - a +0 crossbow bolt Armor q - a blessed +2 orcish helm (being worn) Comestibles F - an uncursed food ration G - an uncursed partly eaten food ration Potions b - an uncursed potion of monster detection c - 2 uncursed potions of hallucination d - an uncursed potion of gain level f - a blessed potion of gain energy g - 3 uncursed potions of levitation h - 2 uncursed potions of healing j - an uncursed potion of hallucination m - 3 uncursed potions of confusion o - 2 blessed potions of healing p - an uncursed potion of sleeping s - an uncursed potion of sleeping t - an uncursed potion of gain ability u - a blessed potion of paralysis v - a blessed potion of sickness w - a cursed potion of hallucination x - a blessed potion of healing z - an uncursed potion of confusion B - an uncursed potion of healing C - an uncursed potion of booze D - an uncursed potion of water E - a potion of holy water U - an uncursed potion of fruit juice V - a potion of holy water W - 2 uncursed potions of sickness X - an uncursed potion of paralysis Z - 2 uncursed potions of blindness Wands A - a wand of fire (0:4) Tools k - an expensive camera (0:80) l - an uncursed credit card r - an uncursed sack Gems e - 2 uncursed worthless pieces of green glass Contents of the sack: a +0 crossbow an uncursed +0 Hawaiian shirt 3 uncursed pancakes 2 uncursed slime molds an uncursed tripe ration 3 uncursed scrolls of enchant weapon an uncursed scroll of fire a cursed scroll of identify 3 uncursed scrolls of magic mapping an uncursed potion of fruit juice a blessed potion of gain ability an uncursed potion of gain energy a cursed potion of gain energy an uncursed potion of hallucination an uncursed potion of invisibility an uncursed potion of object detection an uncursed potion of water a magic harp (0:6) an uncursed tin opener an uncursed worthless piece of orange glass an uncursed worthless piece of violet glass an uncursed worthless piece of yellow glass Spells and supernatural/magical abilities: Name Level Category Fail Memory W - pray for help -- divine ? -- Your skills at the end: Fighting Skills Weapon Skills dart [Basic] Spellcasting Skills Final Attributes: You were nominally aligned. You were held by a large mimic. You are dead. Vanquished creatures: a gnome lord a hobbit a brown mold a green mold a gnome 2 jackals 2 foxes 3 goblins 2 grid bugs 7 lichens 5 newts 26 creatures vanquished. Voluntary challenges: You were vegetarian. You used a wielded weapon 6 times, starting on turn 668. You read items or engraved 5 times, starting on turn 1579. You never genocided any monsters. You never polymorphed an object. You never changed form. You used no wishes. You never split a pudding. You wrote Elbereth's name 1 time, starting on turn 2216. You never violated your personal moral code. Dungeon overview: The Dungeons of Doom: levels 1 to 4 Level 1 some fountains a long staircase Level 2 a general store, a fountain Level 3 stairs to The Gnomish Mines Level 4 <- You were here a potion shop The Gnomish Mines: Level 4 stairs to The Dungeons of Doom History has recorded: On T:1 you entered the Dungeons of Doom to retrieve the Amulet of Yendor! On T:485 you reached level 2 of The Dungeons of Doom. On T:1276 you reached level 3 of The Dungeons of Doom. On T:1866 you reached level 1 of The Gnomish Mines. On T:2063 you reached level 4 of The Dungeons of Doom. Score breakdown: Gold: 0 ( 0 points) Experience: 1 level ( 0 points) Exploration: 4 levels ( 7.69%) ( 7276 points) Discoveries: 2 items ( 0.67%) ( 2457 points) Valuables value: (no points given unless you survive) Artifact value: 0 ( 0 points) Variety of kills: 11 monsters ( 2.89%) ( 5097 points) Turncount: 2530 turns ( -348 points) Survival: died (score multiplied by 80%) Total score: 11585 Latest messages: Swidnica seems uninterested. The dart misses the large mimic. Swidnica seems uninterested. Armand picks up a +2 dart. The dart misses the large mimic. Swidnica seems uninterested. The dart misses the large mimic. Swidnica seems uninterested. The large mimic hits! The dart hits the large mimic. Swidnica seems uninterested. The dart hits the large mimic. Swidnica seems uninterested. The large mimic hits! You die... Swidnica comes and takes all your possessions. Final status: Aloha Zazza the Tourist, killed by a large mimic... You died in The Dungeons of Doom on dungeon level 4 with 11585 points, and 0 pieces of gold, after 2530 moves. You were level 1 with a maximum of 16 hit points when you died.